 Dungeon Crawl Stone Soup version 0.32-a0-290-g598725c5f2 (webtiles) character file.

Game seed: 17490854171554612225

1497 cforsyth the Trooper (level 9, 0/69 HPs)
             Began as a Djinni Hexslinger on Feb 13, 2024.
             Killed by an exploding hound (8 damage)
             ... ignited by their inner flame
             ... on level 6 of the Dungeon.
             The game lasted 00:10:09 (6558 turns).

cforsyth the Trooper (Djinni Hexslinger)            Turns: 6558, Time: 00:10:09

Health: 0/69       AC:  5    Str:  7    XL:     9   Next: 8%
Gold:   158        EV: 13    Int: 18    God:
                   SH:  0    Dex: 20

rFire   + + .        a - +1 sling
rCold   + . .        (no shield)
rNeg    . . .        c - +0 robe
rPois   ∞            (no helmet)
rElec   .            o - scarf {rC+ rF+}
rCorr   .            r - +2 pair of gloves {Dex+3}
SInv    .            (boots unavailable)
Will    .....        f - amulet of the acrobat
Stlth   ++           C - ring of ice
HPRegen 0.31/turn    (no ring)
MPRegen 0.00/turn

%: acrobat, infuse magic (-1 HP)
@: flying, very slightly contaminated
A: sickness immunity, fire resistance 2, cold vulnerability 1, float, innate
caster, HP casting, extra vitality 1
a: no special abilities


You were on level 6 of the Dungeon.
You visited 1 branch of the dungeon, and saw 6 of its levels.
You also visited: Sewer.

You collected 323 gold pieces.
You spent 165 gold pieces at shops.


Innate Abilities, Weirdness & Mutations

You are immune to sickness and miasma.
You are immune to poison.
Your flesh is very heat resistant. (rF++)
You are vulnerable to cold. (rC-)
You float through the air rather than walking.
You learn spells naturally, not from books.
Your magical power is your life essence.
You have superior vitality. (+4 MHP)


   Skills:
 + Level 7.7 Fighting
 - Level 1.5 Ranged Weapons
 - Level 2.1 Dodging
 + Level 6.3 Spellcasting
 + Level 6.3 Conjurations
 + Level 6.3 Hexes
 + Level 6.3 Summonings
 + Level 6.3 Necromancy
 + Level 6.3 Translocations
 + Level 6.3 Fire Magic
 + Level 6.3 Ice Magic
 + Level 6.3 Air Magic
 + Level 6.3 Earth Magic
 + Level 6.3 Alchemy


You knew the following spells:

 Your Spells              Type           Power      Damage    Failure   Level
a - Apportation           Tloc           56%        N/A       1%          1
b - Momentum Strike       Conj/Tloc      56%        3d9       1%          2
c - Cause Fear            Hex            14%        N/A       9%          4
e - Airstrike             Air            14%        2d(2-18)  9%          4
f - Inner Flame           Hex/Fire       28%        N/A       2%          3
l - Call Canine Familiar  Summ           28%        N/A       2%          3
X - Jinxbite              Hex            56%        N/A       1%          2
Y - Sigil of Binding      Hex            28%        N/A       2%          3
Z - Dimensional Bullseye  Hex/Tloc       14%        N/A       9%          4
Your spell library was empty.

Inventory:

Hand Weapons
 a - a +1 sling (weapon)
Armour
 c - a +0 robe (worn)
 o - a scarf of resistance (worn)
 r - a +2 pair of gloves of dexterity (worn)
Jewellery
 f - an amulet of the acrobat (around neck)
 C - a ring of ice (left hand)
Wands
 m - a wand of roots (16)
Scrolls
 b - a scroll of poison
 e - 2 scrolls of noise
 g - 3 scrolls of teleportation {@r2}
 h - a scroll of blinking {unknown}
 i - a scroll of silence {unknown}
 k - a scroll of brand weapon {unknown}
 l - a scroll of torment {unknown}
 q - a scroll of fog {unknown}
 t - 2 scrolls of fear {unknown}
 u - a scroll of enchant armour {unknown}
 v - a scroll of acquirement {unknown}
Potions
 d - a potion of resistance {unknown}
 j - 2 potions of ambrosia
 n - a potion of cancellation {unknown}
 p - a potion of heal wounds {@q2}
 s - a potion of enlightenment {unknown}

Dungeon Overview and Level Annotations

Branches:
Dungeon (6/15)              Sewer (visited)
 Temple: D:4-7

Altars:
Elyvilon
Fedhas
Makhleb
Okawaru
Ru
The Shining One

Shops:
D:3 [   D:4 (

Annotations:
D:3 exclusion: oklob plant

...... ...# ...# ...#
.# .#.##### ###### .#
.......#### #....# .#
.#.###....####....#
#.# .#.#
###..........+ ..#
.#.#####..####..@§#
).# .#.........#
#..§○##..###.#
.#######...#
####§§.......#
...........####
#.#.#......
.......##.....# #.#.#
.##.# ............[.#
#.#.. ..
.......###.##...#.###.
.. .......###.# .#.#.#
.. .# ...........# .#
#.# .# #


There were no monsters in sight!


Message History

Aiming: Inner Flame (dangerous; 2% risk of failure)
Press: ? - help, Dir - move target, f - hound
Aim: a hound (wandering, hasn't noticed you, chance to affect: 88%)
The hound is filled with an inner flame.
* * * LOW HITPOINT WARNING * * *
The hound stops to sniff the ground.
Casting: Inner Flame (dangerous; 2% risk of failure)
Confirm with . or Enter, or press ? or * to list all spells.
Aiming: Airstrike (dangerous; 9% risk of failure)
Press: ? - help, Dir - move target, f/p - hound
Aim: a hound (inner flame, empty space bonus: 5/8)
You miscast Airstrike.
You are very lightly contaminated with residual magic.
Nothing appears to happen.
* * * LOW HITPOINT WARNING * * *
Casting: Airstrike (dangerous; 9% risk of failure)
Confirm with . or Enter, or press ? or * to list all spells.
Aiming: Airstrike (dangerous; 9% risk of failure)
Press: ? - help, Dir - move target, f/p - hound
Aim: a hound (inner flame, empty space bonus: 4/8)
The air twists around and strikes the hound!
Flame seeps out of the hound.
The hound is heavily wounded.
* * * LOW HITPOINT WARNING * * *
The hound is engulfed in blazing flames.
Flame seeps out of the hound.
The hound barely misses you.
The hound is engulfed in blazing flames.
The hound explodes!
The fiery explosion engulfs you! You resist.
You die...

Skill      XL: |  1  2  3  4  5  6  7  8 |
---------------+-------------------------+-----
Spellcasting   | 3 4 5 6 |  6.3
Conjurations   | 3 4 5 6 |  6.3
Hexes          | 3 4 5 6 |  6.3
Summonings     | 3 4 5 6 |  6.3
Necromancy     | 3 4 5 6 |  6.3
Translocations | 3 4 5 6 |  6.3
Fire Magic     | 3 4 5 6 |  6.3
Ice Magic      | 3 4 5 6 |  6.3
Air Magic      | 3 4 5 6 |  6.3
Earth Magic    | 3 4 5 6 |  6.3
Alchemy        | 3 4 5 6 |  6.3
Fighting       | 2 3 5 7 |  7.7
Ranged Weapons | |  1.5
Dodging        | |  2.1

Action                     |  1- 3 |  4- 6 |  7- 9 || total
---------------------------+-------+-------+-------++-------
   Fire: Sling             |    62 |   188 |   108 ||   358
   Cast: Inner Flame       |     1 |     3 |    34 ||    38
         Cause Fear        |       |     6 |       ||     6
         Jinxbite          |       |     4 |     6 ||    10
         Call Canine Famil |       |       |     3 ||     3
         Momentum Strike   |       |       |     3 ||     3
         Airstrike         |       |       |     5 ||     5
    Use: Scroll            |       |       |     7 ||     7
 Armour: Robe              |    13 |    61 |    79 ||   153
  Dodge: Dodged            |    14 |    75 |    55 ||   144

Levels and vault maps discovered:
D:1:      dpeg_arrival_rooms_c, layout_rooms, shapermc_ecumenical_altar_gd
D:2:      layout_loops_cross, kennysheep_jessica_study, uniq_sigmund
D:3:      layout_basic, tgw_fedhas, serial_shops, nicolae_shop_crystal,
          nicolae_elevator_lobby_plus
D:4:      layout_loops_ring, serial_shops, shop, minmay_goblin_outpost
D:5:      layout_basic, cheibrodos_sewer_entry_sluice
D:6:      layout_basic, nicolae_uskayaw_dance_hall,
          nicolae_overflow_hallway_of_the_gods,
          minmay_temple_entry_drinking_statues

Notes
Turn   | Place    | Note
-------+----------+-------------------------------------------
     0 | D:1      | cforsyth the Djinni Hexslinger began the quest for the Orb.
     0 | D:1      | cforsyth set off with the following spells memorised:
                  | Jinxbite, Sigil of Binding, Inner Flame, Cause Fear,
                  | Dimensional Bullseye.
     0 | D:1      | Reached XP level 1. HP: 17/17 MP: 0/0
   114 | D:1      | Reached XP level 2. HP: 19/22 MP: 0/0
   236 | D:1      | Reached skill level 3 in Spellcasting
   236 | D:1      | Reached skill level 3 in Conjurations
   236 | D:1      | Reached skill level 3 in Hexes
   236 | D:1      | Reached skill level 3 in Summonings
   236 | D:1      | Reached skill level 3 in Necromancy
   236 | D:1      | Reached skill level 3 in Translocations
   236 | D:1      | Reached skill level 3 in Fire Magic
   236 | D:1      | Reached skill level 3 in Ice Magic
   236 | D:1      | Reached skill level 3 in Air Magic
   236 | D:1      | Reached skill level 3 in Earth Magic
   236 | D:1      | Reached skill level 3 in Alchemy
   446 | D:1      | Found a faded altar of an unknown god.
   560 | D:2      | Reached skill level 2 in Fighting
   560 | D:2      | Reached XP level 3. HP: 21/28 MP: 0/0
   560 | D:2      | Learned a level 1 spell: Apportation
   829 | D:2      | Noticed Sigmund
   934 | D:2      | Noticed Jessica
   938 | D:2      | Killed Jessica
   939 | D:2      | Reached XP level 4. HP: 21/34 MP: 0/0
  1494 | D:3      | Reached skill level 3 in Fighting
  1528 | D:3      | Found a blossoming altar of Fedhas.
  1541 | D:3      | Noticed an oklob plant
  1904 | D:3      | Found Corengon's Antique Armour Shop.
  1922 | D:3      | Reached XP level 5. HP: 40/40 MP: 0/0
  1922 | D:3      | Learned a level 2 spell: Momentum Strike
  2030 | D:3      | Identified the +1 pair of boots "Mewiyxas" {rF+ Int+5}
  2095 | D:3      | Identified a scarf of resistance
  2424 | D:4      | Noticed an ogre
  2792 | D:4      | Reached XP level 6. HP: 35/47 MP: 0/0
  2874 | D:3      | Reached skill level 4 in Spellcasting
  2874 | D:3      | Reached skill level 4 in Conjurations
  2874 | D:3      | Reached skill level 4 in Hexes
  2874 | D:3      | Reached skill level 4 in Summonings
  2874 | D:3      | Reached skill level 4 in Necromancy
  2874 | D:3      | Reached skill level 4 in Translocations
  2874 | D:3      | Reached skill level 4 in Fire Magic
  2874 | D:3      | Reached skill level 4 in Ice Magic
  2874 | D:3      | Reached skill level 4 in Air Magic
  2874 | D:3      | Reached skill level 4 in Earth Magic
  2874 | D:3      | Reached skill level 4 in Alchemy
  2968 | D:4      | Reached skill level 4 in Fighting
  3477 | D:4      | Found Rumpaith's Weapon Emporium.
  3649 | D:4      | Killed an ogre
  3650 | D:4      | Reached skill level 5 in Fighting
  3650 | D:4      | Reached XP level 7. HP: 46/54 MP: 0/0
  3650 | D:4      | Learned a level 3 spell: Call Canine Familiar
  3760 | D:3      | Bought a pair of runed gloves for 165 gold pieces
  3840 | D:2      | Killed Sigmund
  4043 | D:5      | Entered Level 5 of the Dungeon
  4116 | D:5      | Found a glowing drain.
  4129 | Sewer    | Entered a sewer
  4149 | Sewer    | Reached skill level 5 in Spellcasting
  4149 | Sewer    | Reached skill level 5 in Conjurations
  4149 | Sewer    | Reached skill level 5 in Hexes
  4149 | Sewer    | Reached skill level 5 in Summonings
  4149 | Sewer    | Reached skill level 5 in Necromancy
  4149 | Sewer    | Reached skill level 5 in Translocations
  4149 | Sewer    | Reached skill level 5 in Fire Magic
  4149 | Sewer    | Reached skill level 5 in Ice Magic
  4149 | Sewer    | Reached skill level 5 in Air Magic
  4149 | Sewer    | Reached skill level 5 in Earth Magic
  4149 | Sewer    | Reached skill level 5 in Alchemy
  4446 | D:5      | Reached XP level 8. HP: 53/61 MP: 0/0
  4454 | D:5      | Reached skill level 6 in Fighting
  6166 | D:6      | Reached skill level 7 in Fighting
  6201 | D:6      | Reached skill level 6 in Spellcasting
  6201 | D:6      | Reached skill level 6 in Conjurations
  6201 | D:6      | Reached skill level 6 in Hexes
  6201 | D:6      | Reached skill level 6 in Summonings
  6201 | D:6      | Reached skill level 6 in Necromancy
  6201 | D:6      | Reached skill level 6 in Translocations
  6201 | D:6      | Reached skill level 6 in Fire Magic
  6201 | D:6      | Reached skill level 6 in Ice Magic
  6201 | D:6      | Reached skill level 6 in Air Magic
  6201 | D:6      | Reached skill level 6 in Earth Magic
  6201 | D:6      | Reached skill level 6 in Alchemy
  6204 | D:6      | Identified the orb "Ynuinege" {*Rage, Dex+2}
  6293 | D:6      | Found a burning altar of Makhleb.
  6293 | D:6      | Found a white marble altar of Elyvilon.
  6298 | D:6      | Found an iron altar of Okawaru.
  6301 | D:6      | Found a glowing golden altar of the Shining One.
  6308 | D:6      | Found a sacrificial altar of Ru.
  6517 | D:6      | Reached XP level 9. HP: 45/68 MP: 0/0
  6517 | D:6      | Learned a level 4 spell: Airstrike
  6558 | D:6      | Killed by an exploding hound... ignited by their inner
                  | flame

Vanquished Creatures
  Sigmund (D:2)
  An ice beast (D:6)
  2 ogres
  2 centaurs
  A kobold brigand (D:6)
  2 bullfrogs
  A scorpion (D:4)
  2 killer bees (D:6)
  3 bombardier beetles
  2 hounds
  2 orc priests (D:5)
  Jessica (D:2)
  2 orc wizards
  2 iguanas
  A hell rat (Sewer)
  2 river rats (Sewer)
  5 adders
  A white imp (D:6)
  2 dart slugs (D:2)
  2 ribbon worms
  12 orcs
  4 bats
  5 endoplasms
  7 giant cockroaches
  4 hobgoblins
  12 kobolds
  5 quokkas
  5 ball pythons
  2 frilled lizards
  11 goblins
  7 rats
111 creatures vanquished.

Table legend: (Time is in decaauts)
 A = Elapsed time spent in this place.
 B = Non-inter-level travel time spent in this place.
 C = Inter-level travel time spent in this place.
 D = Time resting spent in this place.
 E = Time spent auto-exploring this place.
 F = Levels seen in this place.
 G = Mean time per level.
                   A        B        C        D        E       F      G
               +--------+--------+--------+--------+--------+-----+--------+
         Total |   6682 |   6348 |    334 |   1449 |   3870 |   7 |  954.6 |
       Dungeon |   6380 |   6046 |    334 |   1232 |   3853 |   6 | 1063.3 |
         Sewer |    301 |    301 |      0 |    217 |     17 |   1 |  301.0 |
               +--------+--------+--------+--------+--------+-----+--------+

Top non-repeatable levels by time:
     D:5: 1730 daAuts
     D:3: 1357 daAuts
     D:4: 1140 daAuts
     D:2: 938 daAuts
     D:1: 721 daAuts
     D:6: 492 daAuts
   Sewer: 301 daAuts

Table legend:
 A = Non-vault XP
 B = Vault XP
 C = Vault XP percentage of total XP
 D = Non-vault monster count
 E = Vault monster count
 F = Vault count percentage of total count
                 A         B        C        D         E       F
            +---------+---------+-------+---------+---------+-------
      Total |    1821 |     364 |  16.7 |      89 |      22 |  19.8
            +---------+---------+-------+---------+---------+-------
        D:1 |      24 |       0 |   0.0 |      10 |       0 |   0.0
        D:2 |      44 |     256 |  85.3 |      10 |       3 |  23.1
        D:3 |      99 |       0 |   0.0 |      19 |       0 |   0.0
        D:4 |     383 |      23 |   5.7 |      15 |       8 |  34.8
        D:5 |     590 |      11 |   1.8 |      22 |       3 |  12.0
        D:6 |     681 |       0 |   0.0 |      13 |       0 |   0.0
      Sewer |       0 |      74 | 100.0 |       0 |       8 | 100.0
            +---------+---------+-------+---------+---------+-------
